 Dungeon Crawl Stone Soup version 0.19-a0-1662-gb81896f (webtiles) character file.

14266 Naow the Severer (level 11, -2/127 HPs)
             Began as a Minotaur Berserker on Sept 21, 2016.
             Was a High Priest of Trog.
             Splashed by an oklob plant's acid (14 damage)
             ... on level 2 of the Lair of Beasts.
             The game lasted 00:45:15 (12325 turns).

Naow the Severer (Minotaur Berserker)              Turns: 12325, Time: 00:45:16

Health: -2/127     AC: 16    Str: 30    XL:     11   Next: 86%
Magic:  10/10      EV: 10    Int:  8    God:    Trog [*****.]
Gold:   676        SH:  4    Dex:  7    Spells: 0 memorised, 10 levels left

rFire  . . .     SeeInvis +     G - +1 flail (protect)
rCold  . . .     Gourm    .     j - +5 chain mail of Waorch {rPois Int+4 Dex-3}
rNeg   . . .     Faith    .     (no shield)
rPois  +         Spirit   .     O - +1 hat
rElec  .         Dismiss  .     (no cloak)
rCorr  .         Reflect  +     (no gloves)
MR     .....     Harm     .     D - +0 pair of boots
Stlth  ..........               T - +4 amulet of reflection
                                N - ring of see invisible
                                r - ring of stealth

@: berserking, corroded, protection aura, very quick
A: retaliatory headbutt, horns 2
a: Berserk, Trog's Hand, Brothers in Arms, Burn Spellbooks, Renounce Religion


You were on level 2 of the Lair of Beasts.
You worshipped Trog.
Trog was extremely pleased with you.
You were very hungry.

You visited 2 branches of the dungeon, and saw 12 of its levels.

You collected 800 gold pieces.
You spent 124 gold pieces at shops.

Inventory:

Hand Weapons
 k - a +2 hand axe of chopping
 G - a +1 flail of protection (weapon)
 Z - a +2 battleaxe
Armour
 f - a +0 plate armour
 j - the +5 chain mail of Waorch (worn) {rPois Int+4 Dex-3}
   (You found it on level 2 of the Lair of Beasts)

   It affects your intelligence (+4).
   It affects your dexterity (-3).
   It protects you from poison.
 D - a +0 pair of boots (worn)
 O - a +1 hat (worn)
Jewellery
 b - a cursed -3 ring of evasion {unknown}
 r - a ring of stealth (left hand)
 y - an uncursed amulet of guardian spirit
 H - an uncursed amulet of the gourmand
 N - a ring of see invisible (right hand)
 T - a +4 amulet of reflection (around neck)
Scrolls
 a - a scroll of acquirement {unknown}
 d - 3 scrolls of remove curse
 e - 5 scrolls of identify
 o - 3 scrolls of blinking
 v - 4 scrolls of teleportation
 F - 2 scrolls of enchant weapon {unknown}
 L - a scroll of silence {unknown}
 M - a scroll of vulnerability {unknown}
 S - a scroll of immolation {unknown}
 X - a scroll of amnesia {unknown}
Potions
 c - a potion of invisibility
 g - a potion of haste {unknown}
 h - a potion of resistance
 p - 7 potions of curing {unknown}
 q - 2 potions of lignification {unknown}
 u - 3 potions of berserk rage
 x - a potion of degeneration {unknown}
 z - a potion of might {unknown}
 A - 3 potions of mutation {unknown}
 B - a potion of beneficial mutation {unknown}
 C - a potion of heal wounds {unknown}
 R - a potion of ambrosia {unknown}
 V - 2 potions of agility {unknown}
Comestibles
 i - a meat ration
 l - 4 fruits
 K - a beef jerky
 Q - 6 royal jellies


   Skills:
 * Level 4.3 Fighting
 - Level 16.0 Axes
 - Level 15.0 Armour
 * Level 2.9 Dodging


You had 10 spell levels left.
You didn't know any spells.

Dungeon Overview and Level Annotations

Branches:
Dungeon (10/15)            Temple (0/1) D:6            Lair (2/6) D:10
  Swamp: Lair:2-4    Shoals: Lair:2-4     Snake: Lair:2-4    Spider: Lair:2-4
    Orc: D:9-12

Altars:
Ashenzari
Elyvilon
Fedhas
Kikubaaqudgha
Nemelex Xobeh
Qazlal
Ru
Sif Muna
Trog
Uskayaw
Vehumet

Shops:
D:8 [

Annotations:
Lair:2 exclusion: oklob plant


Innate Abilities, Weirdness & Mutations

You reflexively headbutt those who attack you in melee.
You have a pair of horns on your head.


Message History

You sock the oklob plant!
The oklob plant is heavily damaged.
The oklob plant spits acid at you. The splash of acid hits you!
* * * LOW HITPOINT WARNING * * *
The acid corrodes you!
You are splashed with acid!
The acid burns!
* * * LOW HITPOINT WARNING * * *
A red film seems to cover your vision as you go berserk!
You feel yourself moving faster!
You feel mighty!
You are feeling very hungry.
You hit the oklob plant but do no damage.
The oklob plant is heavily damaged.
You sock the oklob plant!
You headbutt the oklob plant, but do no damage.
The oklob plant is severely damaged.
The oklob plant spits acid at you. The splash of acid hits you!
* * * LOW HITPOINT WARNING * * *
The acid corrodes you!
You are splashed with acid!
The acid burns!
You die...

##.#.PP.....######.###..##.P[####
.................................
............<.................÷..
..............................†..
.................................
.##....##.P###########...P##.##.#
###....##### ########..#########
#.....P# #!....#...###
###.....### #.@.##.#....## ##
##.....##P#####P..####.##..#####P
.............#######.............
.............#..#................
.................................
..............[..................
####.PP#..P###.........##.#.####.
######### ##.....######### ##
##.....#


You could see an oklob plant.

Vanquished Creatures
  2 hydras (Lair:1)
  The ghost of Naow the Severer, a novice MiBe of Trog (Lair:1)
  A hill giant (D:10)
  Pikel (D:5)
  A torpor snail (Lair:2)
  2 spiny frogs (Lair:1)
  A queen bee (D:8)
  Grinder (D:6)
  A two-headed ogre (D:9)
  2 hippogriffs
  3 blink frogs (Lair:1)
  Sigmund (D:4)
  5 yaks
  Eustachio (D:6)
  Grum (Lair:1)
  Menkaure (D:6)
  2 hungry ghosts (D:10)
  The ghost of Vesto the Skirmisher, an amateur GrFi (D:4)
  A soldier ant (D:10)
  5 water moccasins
  Duvessa (D:6)
  A porcupine (Lair:2)
  2 ice beasts (D:10)
  3 sky beasts
  3 orc warriors
  3 eyes of draining (D:6)
  The ghost of Naow the Chopper, an amateur MiBe of Trog (D:3)
  A wasp (D:8)
  5 ogres
  A black bear (D:6)
  3 phantoms
  A necrophage (D:8)
  3 centaurs
  6 wolves
  3 crocodiles
  6 bullfrogs
  Dowan (D:6)
  3 scorpions
  21 killer bees
  10 wights
  A howler monkey (D:9)
  A wasp zombie (D:8)
  A bullfrog zombie (D:8)
  7 orc wizards
  A jelly (D:10)
  5 orc priests
  A gnoll shaman (D:6)
  3 hounds
  Ijyb (D:2)
  Jessica (D:3)
  2 iguanas
  Natasha (thrice) (D:3)
  10 worker ants
  Terence (D:2)
  A killer bee zombie (D:7)
  A hound zombie (D:7)
  3 worker ant zombies (D:8)
  6 gnolls
  2 howler monkey skeletons
  9 adders
  21 river rats
  An ooze (D:2)
  2 adder skeletons
  An adder zombie (D:9)
  2 worms
  2 dart slugs
  10 leopard geckos
  28 orcs
  11 bats
  7 giant cockroaches
  7 hobgoblins
  9 jackals
  16 kobolds
  A quokka (D:4)
  A ball python (D:3)
  9 frilled lizards
  11 goblins
  2 leopard gecko zombies (D:5)
  A quokka zombie (D:10)
  13 rats
  12 fungi (D:10)
  5 plants
344 creatures vanquished.

Vanquished Creatures (others)
  A slave (D:5)
  A centaur zombie (D:5)
  2 hounds (D:5)
  An orc wizard (D:8)
  A worker ant (D:5)
  An orc (D:5)
  4 fungi
11 creatures vanquished.

Grand Total: 355 creatures vanquished

Notes
Turn   | Place    | Note
-------+----------+-------------------------------------------
     0 | D:1      | Naow the Minotaur Berserker began the quest for the Orb.
     0 | D:1      | Reached XP level 1. HP: 19/19 MP: 0/0
   377 | D:1      | Reached XP level 2. HP: 27/27 MP: 1/1
   537 | D:1      | Reached skill level 4 in Axes
   681 | D:1      | Reached XP level 3. HP: 20/33 MP: 2/2
  1254 | D:2      | Noticed Terence
  1264 | D:2      | Killed Terence
  1264 | D:2      | Reached skill level 5 in Axes
  1390 | D:2      | Reached ** piety under Trog
  1413 | D:2      | Reached XP level 4. HP: 28/40 MP: 3/3
  1530 | D:2      | Noticed Ijyb
  1550 | D:2      | Killed Ijyb
  1550 | D:2      | Reached skill level 6 in Axes
  1599 | D:2      | Found a radiant altar of Vehumet.
  1709 | D:2      | Found a hide-covered altar of Uskayaw.
  1709 | D:2      | Found a shattered altar of Ashenzari.
  1709 | D:2      | Found a deep blue altar of Sif Muna.
  1881 | D:3      | Reached XP level 5. HP: 40/46 MP: 4/4
  1904 | D:3      | Noticed Naow's ghost (amateur MiBe)
  1908 | D:3      | Noticed Natasha
  1915 | D:3      | Killed Naow's ghost
  1915 | D:3      | Reached skill level 7 in Axes
  1919 | D:3      | Killed Natasha
  2106 | D:3      | Noticed Natasha
  2114 | D:3      | Killed Natasha
  2114 | D:3      | Reached XP level 6. HP: 52/52 MP: 5/5
  2126 | D:3      | Noticed Natasha
  2133 | D:3      | Killed Natasha
  2133 | D:3      | Reached skill level 8 in Axes
  2329 | D:3      | Noticed Jessica
  2335 | D:3      | Killed Jessica
  2415 | D:4      | Noticed Sigmund
  2427 | D:4      | Killed Sigmund
  2427 | D:4      | Reached skill level 9 in Axes
  2465 | D:4      | Reached XP level 7. HP: 59/59 MP: 6/6
  2630 | D:4      | Noticed Vesto's ghost (amateur GrFi)
  2863 | D:4      | Found a stormy altar of Qazlal.
  2889 | D:4      | Killed Vesto's ghost
  2889 | D:4      | Reached skill level 10 in Axes
  3007 | D:4      | Noticed a water elemental
  3008 | D:4      | Noticed a fire elemental
  3008 | D:4      | Noticed an air elemental
  3086 | D:4      | Reached skill level 11 in Axes
  3624 | D:4      | Reached XP level 8. HP: 59/66 MP: 7/7
  3715 | D:5      | Entered Level 5 of the Dungeon
  3724 | D:5      | Noticed Pikel
  3742 | D:5      | Killed Pikel
  3742 | D:5      | Reached skill level 12 in Axes
  4027 | D:5      | Found a white marble altar of Elyvilon.
  4211 | D:5      | Reached skill level 13 in Axes
  4397 | D:5      | Reached *** piety under Trog
  4590 | D:6      | Noticed Duvessa
  4592 | D:6      | Noticed Dowan
  4604 | D:6      | Killed Duvessa
  4604 | D:6      | Reached XP level 9. HP: 45/71 MP: 3/8
  4607 | D:6      | Killed Dowan
  4737 | D:6      | Reached skill level 14 in Axes
  4761 | D:6      | Noticed Grinder
  4775 | D:6      | Killed Grinder
  5109 | D:6      | Found a bloodstained altar of Trog.
  5177 | D:6      | Noticed Eustachio
  5189 | D:6      | Killed Eustachio
  5189 | D:6      | Reached skill level 15 in Axes
  5190 | D:6      | Noticed Menkaure
  5202 | D:6      | Killed Menkaure
  5239 | D:6      | Found a staircase to the Ecumenical Temple.
  5622 | D:7      | Found a sparkling altar of Nemelex Xobeh.
  5788 | D:7      | Reached skill level 16 in Axes
  5939 | D:8      | Found Ilock's Antique Armour Emporium.
  5975 | D:8      | Reached XP level 10. HP: 61/78 MP: 7/9
  6241 | D:8      | Bought an embroidered hat for 124 gold pieces
  6399 | D:8      | Reached skill level 5 in Armour
  6570 | D:8      | Reached **** piety under Trog
  6927 | D:8      | Found a blossoming altar of Fedhas.
  7400 | D:9      | Found an ancient bone altar of Kikubaaqudgha.
  8066 | D:9      | Found a sacrificial altar of Ru.
  8102 | D:10     | Entered Level 10 of the Dungeon
  8174 | D:10     | Found a staircase to the Lair.
  8222 | D:10     | Reached skill level 10 in Armour
  9026 | D:10     | Noticed a hill giant
  9036 | D:10     | Killed a hill giant
  9036 | D:10     | Reached XP level 11. HP: 38/84 MP: 4/10
  9308 | Lair:1   | Entered Level 1 of the Lair of Beasts
  9317 | Lair:1   | Noticed Naow's ghost (novice MiBe)
  9327 | Lair:1   | Killed Naow's ghost
  9413 | Lair:1   | Noticed a six-headed hydra
  9426 | Lair:1   | Killed a six-headed hydra
 10327 | Lair:1   | Noticed Grum
 10345 | Lair:1   | Killed Grum
 10527 | Lair:1   | Noticed a six-headed hydra
 10536 | Lair:1   | Killed a six-headed hydra
 10933 | Lair:2   | Got a fine robe
 10944 | Lair:2   | Identified the cursed +1 robe "Kuewnova" {MP+9 Dex+2} (You found it on level 2 of the Lair of Beasts)
 11764 | Lair:2   | Reached skill level 15 in Armour
 11780 | Lair:2   | Got an encrusted chain mail
 11792 | Lair:2   | Identified the +5 chain mail of Waorch {rPois Int+4 Dex-3} (You found it on level 2 of the Lair of Beasts)
 11979 | Lair:2   | Reached ***** piety under Trog
 12307 | Lair:2   | Noticed an oklob plant
 12325 | Lair:2   | Splashed by an oklob plant's acid

Vault maps used:
D:1:      nicolae_arrival_memento_mori, minmay_domino_4
D:2:      lemuel_round_altar, gammafunk_temple_overflow_claw, first_bread,
          uniq_iyjb, uniq_terence
D:3:      uniq_natasha, uniq_jessica
D:4:      nicolae_qazlal_style_of_elements, uniq_sigmund
D:5:      basic_altar, uniq_pikel
D:6:      grunt_ministairs_12, zaba_anthole, trog_eyes_of_draining,
          uniq_duvessa, uniq_grinder, uniq_eustachio, uniq_menkaure
D:7:      nemelex_xobeh_ov_fountains_minmay
D:8:      lemuel_crystal_altar, serial_shops, shop, david_nohive_1
D:9:      nicolae_ru_the_path_less_chosen, basic_altar
D:10:     due_lair_maze_entry_diamond
Lair:1:   infiniplex_staircase_pool_2, uniq_grum
Lair:2:   minmay_lair_oklob_items

Skill      XL: |  1  2  3  4  5  6  7  8  9 10 11 |
---------------+----------------------------------+-----
Fighting       | 4 |  4.3
Axes           | 4 5 6 7 9 11 13 16 | 16.0
Armour         | 3 11 15 | 15.0
Dodging        | |  2.9

Action                   |  1- 3 |  4- 6 |  7- 9 | 10-12 || total
-------------------------+-------+-------+-------+-------++-------
Melee: Hand axe          |    82 |   102 |   276 |   305 ||   765
       Headbutt          |     9 |    18 |    53 |   119 ||   199
       Flail             |       |       |     4 |   282 ||   286
       Battleaxe         |       |       |       |    65 ||    65
Invok: Berserk           |     1 |     2 |     4 |     9 ||    16
       Trog's Hand       |       |     3 |    10 |    14 ||    27
       Burn Spellbooks   |       |       |       |     2 ||     2
  Use: Scroll            |       |       |       |    13 ||    13
 Stab: Distracted        |     1 |       |       |       ||     1
       Sleeping          |       |       |     8 |     1 ||     9
  Eat: Chunk             |     3 |     6 |    14 |    33 ||    56
       Royal jelly       |       |       |     2 |     1 ||     3
       Fruit             |       |       |     1 |     1 ||     2
       Pizza             |       |       |       |     1 ||     1
Armor: Animal skin       |    17 |    10 |    17 |    21 ||    65
       Chain mail        |       |       |       |   155 ||   155
       Plate armour      |       |       |       |    88 ||    88
Dodge: Dodged            |    71 |    45 |    92 |   283 ||   491
Block: Other             |       |       |       |    49 ||    49
